 Dungeon Crawl Stone Soup version 0.20-a0-441-g89e74e4 (webtiles) character file.

203 Musica the Slinger (level 6, -1/39 HPs)
             Began as a Halfling Hunter on Dec 28, 2016.
             Killed by nerve-wracking pain
             ... invoked by Menkaure
              (11 damage)
             ... on level 4 of the Dungeon on Jan 6, 2017.
             The game lasted 00:11:33 (2871 turns).

Musica the Slinger (Halfling Hunter)                Turns: 2871, Time: 00:11:33

Health: -1/39      AC:  4    Str: 13    XL:     6   Next: 8%
Magic:  6/6        EV: 14    Int:  9    God:
Gold:   131        SH:  0    Dex: 17    Spells: 5/5 levels left

rFire  . . .     SeeInvis .     a - +1 hunting sling
rCold  . . .     Gourm    .     k - +0 leather armour
rNeg   . . .     Faith    .     (shield restricted)
rPois  .         Spirit   .     (no helmet)
rElec  .         Reflect  .     (no cloak)
rCorr  .         Harm     .     o - +0 pair of gloves
MR     .....                    (no boots)
Stlth  ++........               j - amulet of inaccuracy
                                (no ring)
                                (no ring)

@: no status effects
A: mutation resistance 1
a: no special abilities


You were on level 4 of the Dungeon.
You were hungry.

You visited 1 branch of the dungeon, and saw 4 of its levels.

You collected 131 gold pieces.

Inventory:

Hand Weapons
 a - a +1 hunting sling (weapon)
 b - a +0 short sword
 q - a +0 blowgun
Missiles
 d - 9 sling bullets
 h - 63 stones (quivered)
 l - 8 tomahawks
 r - 9 poisoned needles
Armour
 c - a +0 leather armour
 k - a +0 leather armour (worn)
 o - a +0 pair of gloves (worn)
Jewellery
 j - an amulet of inaccuracy (around neck)
Scrolls
 e - 5 scrolls of identify
 g - 3 scrolls of fog
 t - a scroll of recharging {unknown}
Potions
 s - 2 potions of might
Comestibles
 f - 2 bread rations
 n - 5 chunks of flesh
 u - 3 fruits


   Skills:
 - Level 1.7 Fighting
 + Level 1.0 Short Blades
 + Level 9.6 Slings
 - Level 2.1 Dodging
 + Level 1.3 Stealth


You had 5 spell levels left.
You didn't know any spells.

Dungeon Overview and Level Annotations

Branches:
Dungeon (4/15)
 Temple: D:4-7

Altars:
Qazlal
Uskayaw

Annotations:
D:4 Menkaure


Innate Abilities, Weirdness & Mutations

You are small and have problems with some larger weapons.
You are somewhat resistant to further mutation.


Message History

The quokka misses you.
A bullfrog skeleton comes into view.
The quokka closely misses you.
Menkaure calls on the powers of darkness!
The quokka convulses!
Your body is wracked with pain!
* * * LOW HITPOINT WARNING * * *
A worker ant comes into view.
Menkaure shouts, "Why can't you leave me to my rest?"
The bullfrog skeleton hits you.
* * * LOW HITPOINT WARNING * * *
The bullfrog skeleton closely misses you.
The worker ant twitches its antennae in your direction.
The bullfrog skeleton hits you.
* * * LOW HITPOINT WARNING * * *
The bullfrog skeleton barely misses you.
The quokka completely misses you.
The bullfrog skeleton hits you but does no damage.
Menkaure casts a spell at you. Pain shoots through your body!
You die...

................O..
#..........###.##.
#.........(# .#
#..........# #
#..........#
#..........#
#.....M....#
#..........#
#...@ra....#
#....Z.....#
#..........#
#..........#
#..........#
############


You could see Menkaure, a worker ant, a quokka and a bullfrog skeleton.

Vanquished Creatures
  A scorpion (D:4)
  A worker ant (D:3)
  5 adders
  2 dart slugs
  A leopard gecko (D:2)
  An orc (D:3)
  A ball python (D:4)
  2 giant cockroaches
  8 goblins
  10 hobgoblins
  14 jackals
  A quokka (D:3)
  9 bats
  4 frilled lizards
  14 kobolds
  6 rats
80 creatures vanquished.

Notes
Turn   | Place    | Note
-------+----------+-------------------------------------------
     0 | D:1      | Musica the Halfling Hunter began the quest for the Orb.
     0 | D:1      | Reached XP level 1. HP: 14/14 MP: 1/1
   186 | D:1      | Reached skill level 6 in Slings
   270 | D:1      | Upgraded the game from 0.20-a0-375-gc02d24d to 0.20-a0-441-g89e74e4
   290 | D:1      | Reached XP level 2. HP: 19/19 MP: 2/2
   953 | D:2      | Reached XP level 3. HP: 23/24 MP: 3/3
   986 | D:2      | Reached skill level 7 in Slings
  1167 | D:2      | Reached XP level 4. HP: 18/29 MP: 4/4
  1743 | D:2      | Reached skill level 8 in Slings
  2016 | D:3      | Found a stormy altar of Qazlal.
  2083 | D:3      | Reached XP level 5. HP: 33/34 MP: 5/5
  2314 | D:3      | Found a hide-covered altar of Uskayaw.
  2394 | D:4      | Noticed Menkaure
  2489 | D:3      | Reached skill level 9 in Slings
  2768 | D:4      | Reached skill level 1 in Short Blades
  2768 | D:4      | Reached XP level 6. HP: 28/39 MP: 6/6
  2849 | D:4      | Noticed an ogre
  2871 | D:4      | Killed from afar by Menkaure

Vault maps used:
D:1:      sevenhm_arrival_forest_fort_large_2, minmay_misc_feat_x
D:3:      nicolae_qazlal_general_emergency, old_standard_altar, minmay_unequal
D:4:      first_bread, grunt_ministairs_8, uniq_menkaure

Skill      XL: |  1  2  3  4  5 |
---------------+----------------+-----
Slings         | 6 7 8 9 |  9.6
Short Blades   | 1 |  1.0
Fighting       | |  1.7
Dodging        | |  2.1
Stealth        | |  1.3

Action                   |  1- 3 |  4- 6 || total
-------------------------+-------+-------++-------
Melee: Short sword       |    17 |    58 ||    75
 Fire: Hunting sling     |   119 |   178 ||   297
       Blowgun           |       |     7 ||     7
  Use: Potion            |     1 |     3 ||     4
       Scroll            |     1 |     3 ||     4
 Stab: Sleeping          |       |     1 ||     1
  Eat: Chunk             |     1 |     4 ||     5
Armor: Leather armour    |    17 |    46 ||    63
Dodge: Dodged            |    62 |   139 ||   201
